 Dungeon Sprint DCSS version 0.19-a0-139-gefc6d61 (webtiles) character file.

231317 Kidiri the Imperceptible (level 17, -5/83 HPs)
             Began as a Spriggan Enchanter on May 17, 2016.
             Was the Champion of Dithmenos.
             Slain by an Orb Guardian (21 damage)
             ... in the Dungeon (Sprint III: "The Ten Rune Challenge").
             The game lasted 01:04:07 (14483 turns).

Kidiri the Imperceptible (Spriggan Enchanter)      Turns: 14483, Time: 01:04:08

Health: -5/83      AC: 17    Str:  6      XL:     17   Next: 31%
Magic:  45/54      EV: 44    Int: 29 (30) God:    Dithmenos [******]
Gold:   38         SH: 14    Dex: 20 (21) Spells: 16 memorised, 4 levels left

rFire  . . .     SeeInvis +     b - +12 quick blade of Ravage {elec, *Rage rN+ MR+}
rCold  + + +     Gourm    .     f - +2 robe {rC+ rF+}
rNeg   + . .     Faith    .     d - +1 buckler {AC+3}
rPois  .         Spirit   .     w - +3 hat of Pondering {ponderous, MR+ MP+10 Int+5}
rElec  +         Dismiss  .     x - +2 cloak of Starlight {rElec rC+ EV+4 Stlth--}
rCorr  .         Reflect  +     (gloves unavailable)
SustAt .         Harm     .     (boots unavailable)
MR     ++++.     Clarity  +     g - +4 amulet of reflection
Stlth  ++++++++++ NoTele   +    D - ring "Detauxuts" {+Fly AC+2 Int+3}
                                E - ring of Eternal Night {Ice Int+3}

@: wreathed by umbra, very quick, incredibly resistant to hostile enchantments,
uncannily stealthy
A: unfitting armour, molten scales 1, see invisible, berserk 1, clarity,
deterioration 2, herbivore 3, speed 3, frail 1, slow metabolism 2, strong 1
a: Shadow Step, Shadow Form, Renounce Religion, Evoke Flight
}: 4/10 runes: decaying, barnacled, slimy, golden


You were in the Dungeon.
You worshipped Dithmenos.
Dithmenos was exalted by your worship.
You were full.

You visited 1 branch You collected 2807 gold pieces.
You spent 2769 gold pieces at shops.

Inventory:

Hand Weapons
 b - the +12 quick blade of Ravage (weapon) {elec, *Rage rN+ MR+}
   (You found it in the Dungeon)

   Occasionally, upon striking a foe, it will discharge some electrical energy
   and cause terrible harm.
   It protects you from negative energy.
   It affects your resistance to hostile enchantments.
   It may make you go berserk in combat.
Missiles
 m - 18 throwing nets (quivered)
Armour
 d - a +1 buckler of protection (worn)
 f - a +2 robe of resistance (worn)
 w - the +3 hat of Pondering (worn) {ponderous, MR+ MP+10 Int+5}
   (You bought it in a shop in the Dungeon)

   It affects your intelligence (+5).
   It affects your resistance to hostile enchantments.
   It affects your magic capacity (+10).
 x - the +2 cloak of Starlight (worn) {rElec rC+ EV+4 Stlth--}
   (You bought it in a shop in the Dungeon)

   It affects your evasion (+4).
   It protects you from cold.
   It insulates you from electricity.
   It makes you much less stealthy.
Jewellery
 g - a +4 amulet of reflection (around neck)
 D - the ring "Detauxuts" (right hand) {+Fly AC+2 Int+3}
   (You found it in the Dungeon)

   [ring of protection]

   It affects your AC (+2).
   It affects your intelligence (+3).
   It lets you fly.
 E - the ring of Eternal Night (left hand) {Ice Int+3}
   (You found it in the Dungeon)

   [ring of ice]

   It enhances your ice magic, and weakens your fire magic.
   It affects your intelligence (+3).
   It makes you vulnerable to fire.
   It protects you from cold.
Wands
 c - a wand of acid (7/15)
 e - a wand of iceblast (7/15)
 k - a wand of heal wounds (3/9)
 o - a wand of hasting (6/9)
 z - a wand of lightning (11/15)
 B - a wand of digging (14/24)
 I - a wand of iceblast (13/15)
Scrolls
 h - 4 scrolls of amnesia
 j - a scroll of silence
 p - 4 scrolls of remove curse
 t - 5 scrolls of torment
 S - 3 scrolls of identify
Potions
 n - 3 potions of heal wounds
 r - a potion of agility
 u - a potion of ambrosia
 v - 3 potions of flight
 F - a potion of cure mutation
 G - 4 potions of curing
 H - 3 potions of haste
 J - 5 potions of might
Books
 V - a book of the Tempests

   Spells                             Type                      Level
   a - Static Discharge               Conjuration/Air              3
   b - Lightning Bolt                 Conjuration/Air              5
   c - Fireball                       Conjuration/Fire             5
   d - Tornado                        Air                          9
   e - Shatter                        Earth                        9
Miscellaneous
 s - a plain deck of summoning {the Crusade}
 y - a legendary deck of defence {Fortitude}
 A - a plain deck of escape {the Elixir}
 L - a plain deck of changes {the Mercenary}
Comestibles
 l - 22 royal jellies
 M - a bread ration


   Skills:
 + Level 11.8 Fighting
 * Level 20.5 Short Blades
 + Level 11.1 Armour
 * Level 25.2 Dodging
 * Level 26.9 Stealth
 + Level 8.3 Shields
 * Level 22.0 Spellcasting
 + Level 11.0 Conjurations
 + Level 16.5 Hexes
 + Level 17.9 Charms
 + Level 9.9 Translocations
 + Level 9.0 Transmutations
 + Level 12.0 Ice Magic
 + Level 12.4 Air Magic
 + Level 12.3 Earth Magic
 - Level 2.9 Invocations
 + Level 16.5 Evocations


You had 4 spell levels left.
You knew the following spells:

 Your Spells              Type           Power        Failure   Level  Hunger
a - Corona                Hex            #######      0%          1    None
b - Ensorcelled Hibernat  Hex/Ice        ######       0%          2    None
c - Confuse               Hex            #######.     0%          3    None
d - Tukima's Dance        Hex            #######.     0%          3    None
e - Dazzling Spray        Conj/Hex       ######       0%          3    None
f - Repel Missiles        Chrm/Air       ######       0%          2    None
g - Swiftness             Chrm/Air       #######.     0%          2    None
h - Lightning Bolt        Conj/Air       #######...   1%          5    None
i - Iron Shot             Conj/Erth      #######...   1%          6    None
j - Bolt of Cold          Conj/Ice       #######...   1%          6    None
k - Freezing Cloud        Conj/Ice/Air   ########..   1%          6    None
l - Shroud of Golubria    Chrm/Tloc      #######...   0%          2    None
m - Apportation           Tloc           ######....   1%          1    None
n - Passage of Golubria   Tloc           N/A          1%          4    None
o - Passwall              Trmt/Erth      #######...   1%          2    None
p - Controlled Blink      Tloc           N/A          97%         8    #####..


Dungeon Overview and Level Annotations

Branches:
Dungeon (1/1)

Altars:
Cheibriados
Dithmenos
Elyvilon
Fedhas
Gozag
Kikubaaqudgha
Makhleb
Nemelex Xobeh
Okawaru
Pakellas
Qazlal
Ru
Sif Muna
Trog
Vehumet
Xom
Yredelemnul
Zin
The Shining One
Jiyva
Lugonu

Shops:
D [%}%[?}![}!!![?*%=((}*[:


Innate Abilities, Weirdness & Mutations

You are tiny and cannot use many weapons and most armour.
You have supernaturally acute eyesight.
You are a herbivore.
You cover ground extremely quickly.
You need consume almost no food.
You are partially covered in molten scales (AC +1).
You tend to lose your temper in combat.
You possess an exceptional clarity of mind.
Your body often deteriorates upon taking damage.
You are frail (-10% HP).
Your muscles are strong. (Str +2)


Message History

Aiming: Iron Shot
Press: ? - help, Shift-Dir - straight line, f - Orb Guardian
Aim: an Orb Guardian (berserk, fast, unusually strong, umbra)
The iron shot hits the Orb Guardian.
The Orb Guardian is moderately wounded.
The Orb Guardian closely misses you. The Orb Guardian completely misses you.
You block the fire giant's attack.
Unknown command.
Casting: Iron Shot
Confirm with . or Enter, or press ? or * to list all spells.
Aiming: Tukima's Dance
Press: ? - help, Shift-Dir - straight line, f - frost giant, p - Orb Guardian
Aim: a frost giant, wielding a battleaxe of freezing (lightly wounded, umbra, chance to defeat MR: 51%)
The battleaxe of freezing dances into the air!
The Orb Guardian hits you!!!
Ouch! That really hurt!
* * * LOW HITPOINT WARNING * * *
Your body deteriorates!
You feel dopey.
You emit a cloud of dark smoke.
The Orb Guardian hits you!!
You die...

.#######+###▓.^#^.#+########..#
.#..+≈⌠...≈.▓..#..#..^.....^..#
≈+..#≈≈.≈.≈.▓..+..#......^....#
.#..#.≈.≈.≈.▓##################
.# .#...≈)..▓▓▓▓▓▓▓▓
+#######+###▓.'^...▓
#.#.#.#.#.#.▓.▓...^▓
.#.#.#.#.#.#▓.▓§§..▓
#.#.#.#.#.#.▓.▓▓@▓▓▓
▓▓▓▓▓▓▓▓▓▓▓▓▓.▓CXC.▓
▓...['...^▓.'.▓.y..▓
▓....▓....▓.▓▓▓...(▓
'....▓^^..▓.▓ +....▓
▓....▓^...▓.▓ ▓▓▓▓▓▓
▓....▓....▓.▓ ▓....▓....'.▓
▓▓▓▓▓▓▓▓▓▓▓▓▓


You could see a frost giant, a fire giant, an Orb Guardian (berserk), a moth of
wrath and a friendly battleaxe of freezing.

Vanquished Creatures
  the Royal Jelly (D)
  Mennas (D)
  Mara (D)
  2 greater mummies (D)
  Boris (D)
  Frederick (D)
  A Killer Klown (D)
  Nikola (D)
  Rupert (D)
  A lich (D)
  An Orb Guardian (D)
  2 deep elf blademasters (D)
  A deep elf master archer (D)
  An Executioner (D)
  Chuck (D)
  Polyphemus (D)
  An ancient champion (D)
  Gastronok (D)
  10 acid blobs (D)
  2 sphinxes (D)
  Harold (D)
  2 shadow dragons (D)
  Roxanne (D)
  Ilsuiw (D)
  A storm dragon (D)
  A draconian knight (D)
  Maud (D)
  11 azure jellies (D)
  A deep elf annihilator (D)
  3 deep elf demonologists (D)
  2 vampire knights (D)
  Nessos (D)
  2 dire elephants (D)
  Azrael (D)
  A merfolk javelineer (D)
  A yellow draconian (D)
  8 death oozes (D)
  A vault guard (D)
  10 mummy priests (D)
  2 deep elf high priests (D)
  2 yaktaur captains (D)
  3 hydras (D)
  A fire dragon (D)
  Erolcha (D)
  A centaur warrior (D)
  An ogre mage (D)
  3 orc high priests (D)
  4 dancing weapons (D)
  4 death yaks (D)
  2 titan zombies (D)
  2 deep elf knights (D)
  6 skeletal warriors (D)
  3 death drakes (D)
  A spriggan druid (D)
  A shadow wraith (D)
  A golden dragon zombie (D)
  A sea snake (D)
  An anaconda zombie (D)
  2 spectral iron dragons (D)
  A giant orange brain (D)
  An obsidian statue (D)
  2 swamp dragons (shapeshifter) (D)
  A spectral hydra (D)
  An orange crystal statue (D)
  2 oklob plants (D)
  Joseph (D)
  A lindwurm (D)
  An orc knight (D)
  6 deep elf magi (D)
  An orc sorcerer (D)
  6 ugly things (D)
  4 crystal guardians (D)
  A shining eye (shapeshifter) (D)
  3 shining eyes (D)
  A hornet (D)
  A cyclops (shapeshifter) (D)
  2 elephants (D)
  A stone giant skeleton (D)
  2 black mambas (D)
  8 statues (D)
  A molten gargoyle (D)
  An iron troll simulacrum (D)
  2 spiny frogs (D)
  A komodo dragon (D)
  3 yaktaurs (D)
  A rime drake (D)
  18 guardian mummies (D)
  3 wandering mushrooms (D)
  4 spriggan defenders (D)
  A queen bee (D)
  2 giant leeches (D)
  6 slime creatures (D)
  8 blink frogs (D)
  5 redbacks (D)
  A redback (shapeshifter) (D)
  2 spriggans (D)
  A shadow (D)
  A golden eye (D)
  2 hill giants (D)
  4 giant eyeballs (D)
  A spatial vortex (D)
  A swamp drake (D)
  An orc warrior (D)
  2 fire dragon simulacra (D)
  2 wasps (D)
  A necrophage (D)
  A black mamba simulacrum (D)
  4 swamp dragon skeletons (D)
  3 two-headed ogres (D)
  A water elemental (D)
  32 killer bees (D)
  5 electric eels (D)
  A jelly (D)
  4 orc priests (D)
  3 orc wizards (D)
  Jessica (D)
  A necromancer (D)
  A wizard (D)
  A polar bear simulacrum (D)
  3 sheep (D)
  A kobold demonologist (D)
  3 humans (D)
  A wolf (D)
  A ball lightning (D)
  10 orcs (D)
  3 rats (D)
  23 plants (D)
349 creatures vanquished.

Vanquished Creatures (others)
  2 draconian scorchers (D)
  6 hellions (D)
  3 yaktaurs (D)
  2 guardian mummies (D)
  6 ball lightnings (D)
  A ballistomycete (D)
  A bush (D)
  A giant spore (D)
  15 plants (D)
37 creatures vanquished.

Grand Total: 386 creatures vanquished

Notes
Turn   | Place    | Note
--------------------------------------------------------------
     0 | D        | Kidiri the Spriggan Enchanter began the quest for the Orb.
     0 | D        | Reached XP level 1. HP: 9/9 MP: 5/5
    12 | D        | Noticed Jessica
    20 | D        | Killed Jessica
    20 | D        | Reached skill level 1 in Fighting
    20 | D        | Reached skill level 1 in Armour
    20 | D        | Reached skill level 5 in Stealth
    20 | D        | Reached XP level 2. HP: 11/14 MP: 4/7
    29 | D        | Learned a level 2 spell: Ensorcelled Hibernation
    54 | D        | Killed a yaktaur
    85 | D        | Reached skill level 6 in Stealth
    85 | D        | Reached XP level 3. HP: 17/18 MP: 5/9
    92 | D        | Learned a level 3 spell: Confuse
    96 | D        | Learned a level 3 spell: Dazzling Spray
   116 | D        | Reached skill level 5 in Dodging
   141 | D        | Killed a yaktaur
   149 | D        | Killed a hellion
   149 | D        | Killed a hellion
   158 | D        | Gained mutation: You possess an exceptional clarity of mind. [potion of mutation]
   158 | D        | Gained mutation: Your muscles are strong. (Str +2) [potion of mutation]
   158 | D        | Gained mutation: You are partially covered in molten scales (AC +1). [potion of mutation]
   159 | D        | Gained mutation: You tend to lose your temper in combat. [potion of mutation]
   159 | D        | Gained mutation: Your spells are a little easier to cast, but a little less powerful. [potion of mutation]
   159 | D        | Lost mutation: Your spells are a little easier to cast, but a little less powerful. [potion of mutation]
   175 | D        | Killed a hellion
   205 | D        | Killed a white draconian scorcher
   226 | D        | Noticed a water elemental
   229 | D        | Killed a water elemental
   229 | D        | Reached skill level 7 in Stealth
   229 | D        | Reached skill level 5 in Spellcasting
   229 | D        | Reached skill level 1 in Conjurations
   229 | D        | Reached skill level 5 in Hexes
   229 | D        | Reached skill level 1 in Ice Magic
   229 | D        | Reached XP level 4. HP: 23/23 MP: 10/12
   234 | D        | Learned a level 3 spell: Tukima's Dance
   249 | D        | Noticed a shadow
   251 | D        | Killed a shadow
   251 | D        | Reached skill level 5 in Short Blades
   251 | D        | Reached skill level 9 in Stealth
   251 | D        | Reached XP level 5. HP: 27/27 MP: 12/14
   251 | D        | Reached XP level 6. HP: 32/32 MP: 13/16
   251 | D        | Killed a white draconian scorcher
   287 | D        | Found an oddly glowing altar of Pakellas.
   287 | D        | Found a stormy altar of Qazlal.
   288 | D        | Found a sacrificial altar of Ru.
   288 | D        | Found a burning altar of Makhleb.
   288 | D        | Found a viscous altar of Jiyva.
   288 | D        | Found a shimmering altar of Xom.
   288 | D        | Found a shadowy altar of Dithmenos.
   288 | D        | Found a sparkling altar of Nemelex Xobeh.
   288 | D        | Found a corrupted altar of Lugonu.
   288 | D        | Found an opulent altar of Gozag.
   288 | D        | Noticed a spatial vortex
   292 | D        | Became a worshipper of Dithmenos the Shadowed
   301 | D        | Killed a hellion
   302 | D        | Killed a hellion
   332 | D        | Killed a hellion
   336 | D        | Killed a spatial vortex
   336 | D        | Reached skill level 1 in Invocations
   396 | D        | Killed a yaktaur
   504 | D        | Found a radiant altar of Vehumet.
   505 | D        | Found a deep blue altar of Sif Muna.
   505 | D        | Found an ancient bone altar of Kikubaaqudgha.
   508 | D        | Reached skill level 10 in Stealth
   522 | D        | Learned a level 2 spell: Repel Missiles
   525 | D        | Learned a level 2 spell: Swiftness
   540 | D        | Found a glowing silver altar of Zin.
   541 | D        | Found a glowing golden altar of the Shining One.
   541 | D        | Found a white marble altar of Elyvilon.
   541 | D        | Noticed a deep elf mage
   543 | D        | Killed a deep elf mage
   543 | D        | Reached * piety under Dithmenos
   543 | D        | Reached skill level 11 in Stealth
   543 | D        | Reached skill level 1 in Air Magic
   543 | D        | Reached XP level 7. HP: 37/37 MP: 17/19
   558 | D        | Learned a level 5 spell: Lightning Bolt
   561 | D        | Found an iron altar of Okawaru.
   562 | D        | Found a bloodstained altar of Trog.
   562 | D        | Noticed a human
   562 | D        | Noticed a human
   564 | D        | Killed a human
   564 | D        | Reached skill level 10 in Dodging
   564 | D        | Reached XP level 8. HP: 42/42 MP: 21/21
   565 | D        | Reached ** piety under Dithmenos
   579 | D        | Found a snail-covered altar of Cheibriados.
   580 | D        | Found a basalt altar of Yredelemnul.
   580 | D        | Found a blossoming altar of Fedhas.
   607 | D        | Learned a level 3 spell: Stone Arrow
   650 | D        | Reached *** piety under Dithmenos
   650 | D        | Reached skill level 1 in Evocations
   662 | D        | Reached skill level 12 in Stealth
   662 | D        | Reached skill level 1 in Earth Magic
   667 | D        | Noticed Erolcha
   686 | D        | Killed Erolcha
   686 | D        | Reached skill level 5 in Charms
   686 | D        | Reached XP level 9. HP: 38/46 MP: 1/23
   789 | D        | Reached skill level 13 in Stealth
   794 | D        | Reached **** piety under Dithmenos
   794 | D        | Reached skill level 10 in Spellcasting
   938 | D        | Reached ***** piety under Dithmenos
  1513 | D        | Reached ****** piety under Dithmenos
  1527 | D        | Reached skill level 5 in Fighting
  1540 | D        | Reached XP level 10. HP: 39/51 MP: 3/25
  1832 | D        | Reached skill level 14 in Stealth
  1832 | D        | Reached skill level 5 in Ice Magic
  1841 | D        | Noticed a spiny frog
  1841 | D        | Noticed a spiny frog
  1849 | D        | Killed a spiny frog
  1849 | D        | Reached skill level 10 in Short Blades
  1849 | D        | Reached skill level 5 in Evocations
  1855 | D        | Killed a spiny frog
  1975 | D        | Noticed a lindwurm
  1978 | D        | Killed a lindwurm
  1978 | D        | Reached skill level 5 in Armour
  1988 | D        | Noticed Maud
  2031 | D        | Killed Maud
  2031 | D        | Reached skill level 15 in Stealth
  2031 | D        | Reached skill level 5 in Air Magic
  2031 | D        | Reached XP level 11. HP: 36/56 MP: 12/28
  2150 | D        | Noticed a four-headed hydra
  2150 | D        | Noticed a six-headed hydra
  2153 | D        | Killed a four-headed hydra
  2153 | D        | Reached skill level 5 in Conjurations
  2154 | D        | Killed a six-headed hydra
  2162 | D        | Noticed a death drake
  2164 | D        | Killed a death drake
  2164 | D        | Reached skill level 5 in Earth Magic
  2215 | D        | Found a blossoming altar of Fedhas.
  2215 | D        | Noticed a spriggan druid
  2217 | D        | Killed a spriggan druid
  2218 | D        | Reached skill level 16 in Stealth
  2247 | D        | Noticed a death drake
  2249 | D        | Killed a death drake
  2252 | D        | Noticed a death drake
  2253 | D        | Found Nil Qero's Antique Armour Emporium.
  2254 | D        | Killed a death drake
  2255 | D        | Found Vasao's Magic Scroll Shop.
  2257 | D        | Found Uchobb's Gadget Shoppe.
  2384 | D        | Reached skill level 15 in Dodging
  2398 | D        | Reached skill level 10 in Hexes
  2604 | D        | Noticed Rupert
  2609 | D        | Killed Rupert
  2609 | D        | Reached XP level 12. HP: 62/62 MP: 25/30
  2634 | D        | Noticed a death yak
  2635 | D        | Noticed a death yak
  2636 | D        | Killed a death yak
  2636 | D        | Reached skill level 17 in Stealth
  2637 | D        | Noticed an azure jelly
  2637 | D        | Noticed a death yak
  2637 | D        | Noticed an azure jelly
  2637 | D        | Noticed a death yak
  2638 | D        | Killed a death yak
  2652 | D        | Killed a death yak
  2657 | D        | Reached skill level 10 in Charms
  2800 | D        | Noticed an azure jelly
  2800 | D        | Noticed an azure jelly
  2807 | D        | Killed a death yak
  2937 | D        | Noticed Polyphemus
  2938 | D        | Noticed Ilsuiw
  2939 | D        | Killed Polyphemus
  2945 | D        | Killed Ilsuiw
  2952 | D        | Found Ragiuttite's Antique Armour Shoppe.
  2952 | D        | Found Codanes's Food Boutique.
  2952 | D        | Found Soumu's Gadget Emporium.
  2952 | D        | Noticed a merfolk javelineer
  2955 | D        | Reached skill level 18 in Stealth
  2981 | D        | Killed a merfolk javelineer
  3000 | D        | Got a barnacled rune of Zot
  3072 | D        | Noticed a dire elephant
  3072 | D        | Noticed a dire elephant
  3072 | D        | Noticed Gastronok
  3099 | D        | Killed Gastronok
  3100 | D        | Killed a dire elephant
  3272 | D        | Gained mutation: You are frail (-10% HP). [potion of mutation]
  3272 | D        | Gained mutation: Your body sometimes deteriorates upon taking damage. [potion of mutation]
  3316 | D        | HP: 2/56 [dire elephant (38)]
  3635 | D        | Reached XP level 13. HP: 55/60 MP: 11/32
  3648 | D        | Killed a dire elephant
  3826 | D        | Found Rerev's Food Shop.
  3830 | D        | Reached skill level 15 in Spellcasting
  4086 | D        | Bought a wand of heal wounds (3/9) for 504 gold pieces
  4088 | D        | Bought the +3 hat of Pondering {ponderous, MR+ MP+10 Int+5} for 376 gold pieces
  4088 | D        | Bought the +2 cloak of Starlight {rElec rC+ EV+4 Stlth--} for 1089 gold pieces
  4088 | D        | Bought a runed robe for 15 gold pieces
  4273 | D        | Reached skill level 10 in Evocations
  4280 | D        | Reached skill level 19 in Stealth
  4286 | D        | Noticed a deep elf annihilator
  4337 | D        | Noticed a deep elf demonologist
  4339 | D        | Killed a deep elf demonologist
  4804 | D        | Noticed a deep elf master archer
  4805 | D        | Noticed a deep elf demonologist
  4948 | D        | Noticed a deep elf demonologist
  5005 | D        | Killed a deep elf master archer
  5015 | D        | Killed a deep elf annihilator
  5271 | D        | Killed a deep elf demonologist
  5336 | D        | Noticed an Ice Fiend
  5337 | D        | Noticed a blizzard demon
  5337 | D        | Killed a deep elf demonologist
  5524 | D        | Got a brightly glowing wooden ring
  5525 | D        | Got a crystal bardiche {chop}
  5525 | D        | Got a spiked ring mail
  5536 | D        | Identified the Incunabulum of Dusty Moulding
  5540 | D        | Got a vibrating ivory ring
  5540 | D        | Got a pitted ivory ring
  5589 | D        | Identified the ring "Iddac" {Fire +Blink Str+4 Dex-5} (You took it off a deep elf demonologist in the Dungeon)
  5590 | D        | Identified the ring "Detauxuts" {+Fly AC+2 Int+3} (You found it in the Dungeon)
  5592 | D        | Identified the ring of Eternal Night {Ice Int+3} (You found it in the Dungeon)
  5680 | D        | Learned a level 6 spell: Iron Shot
  5730 | D        | Noticed Harold
  5730 | D        | Noticed Joseph
  5732 | D        | Killed Harold
  5734 | D        | Killed Joseph
  5904 | D        | Found Ehaetwes's Jewellery Emporium.
  5904 | D        | Found Nofoul's Antique Weapon Shop.
  5904 | D        | Found Ripa Moo's Book Shoppe.
  5904 | D        | Found Uratwuic's Food Boutique.
  5904 | D        | Found Cyph's Antique Weapon Emporium.
  5904 | D        | Found Riurirr's Antique Armour Shop.
  5904 | D        | Found Muyshred's General Store.
  5904 | D        | Found Roluassigg's Gadget Boutique.
  5905 | D        | Found Beletokki's Assorted Antiques.
  5905 | D        | Found Riehirphu's Magic Scroll Shoppe.
  5905 | D        | Found Mautzu Vira's Armour Shop.
  5905 | D        | Found Fuysodau's Distillery.
  5931 | D        | Bought a +0 buckler of protection for 138 gold pieces
  5997 | D        | Reached skill level 20 in Stealth
  6034 | D        | Bought a scroll of identify for 24 gold pieces
  6034 | D        | Bought a scroll of enchant weapon for 90 gold pieces
  6034 | D        | Bought a scroll of identify for 24 gold pieces
  6034 | D        | Bought a scroll of enchant armour for 90 gold pieces
  6034 | D        | Bought a scroll of identify for 24 gold pieces
  6034 | D        | Bought a scroll of identify for 24 gold pieces
  6034 | D        | Bought a scroll of identify for 24 gold pieces
  6093 | D        | Got a sparkling crystal amulet
  6095 | D        | Identified the amulet "Tuasti" {Harm *Drain rElec MR+ MP+9 Stlth-} (You found it in the Dungeon)
  6138 | D        | Noticed a fire dragon
  6147 | D        | Killed a fire dragon
  6155 | D        | Reached skill level 1 in Shields
  6163 | D        | Reached skill level 15 in Short Blades
  6163 | D        | Reached XP level 14. HP: 57/66 MP: 28/35
  6392 | D        | Got a jewelled quick blade
  6393 | D        | Identified the +12 quick blade of Ravage {elec, *Rage rN+ MR+} (You found it in the Dungeon)
  6498 | D        | Noticed Chuck
  6504 | D        | Killed Chuck
  6596 | D        | Noticed Frederick
  6677 | D        | Killed Frederick
  6677 | D        | Reached skill level 21 in Stealth
  6840 | D        | Noticed a lich
  6843 | D        | Killed a lich
  6856 | D        | Noticed a shadow dragon
  6856 | D        | Noticed a shadow dragon
  6857 | D        | Killed a shadow dragon
  6870 | D        | Killed a shadow dragon
  7185 | D        | Noticed an ancient lich
  7341 | D        | Noticed a sphinx
  7341 | D        | Noticed a sphinx
  7347 | D        | Noticed a reaper
  7377 | D        | Killed a sphinx
  7399 | D        | Killed a sphinx
  7399 | D        | Reached skill level 22 in Stealth
  8048 | D        | Noticed a reaper
  8050 | D        | Reached XP level 15. HP: 70/70 MP: 38/38
  8269 | D        | Noticed a greater mummy
  8269 | D        | Noticed a greater mummy
  8766 | D        | Killed a greater mummy
  8991 | D        | Killed a greater mummy
  8991 | D        | Reached skill level 23 in Stealth
  8991 | D        | Reached skill level 10 in Air Magic
  9029 | D        | Got a golden rune of Zot
  9040 | D        | Learned a level 6 spell: Bolt of Cold
  9047 | D        | Learned a level 6 spell: Freezing Cloud
  9303 | D        | Reached skill level 10 in Earth Magic
  9307 | D        | Reached skill level 5 in Shields
  9637 | D        | Noticed Boris
  9638 | D        | Reached skill level 10 in Ice Magic
  9640 | D        | Killed Boris
  9640 | D        | Reached skill level 10 in Fighting
  9640 | D        | Reached skill level 15 in Charms
  9694 | D        | Found Enkel's Armour Emporium.
  9694 | D        | Found Afrutteh's Distillery.
  9694 | D        | Found Arphuunly's Gadget Shop.
  9694 | D        | Found Syroh's Distillery.
  9710 | D        | Found Wagomi's Distillery.
  9718 | D        | Bought a potion of heal wounds for 50 gold pieces
  9718 | D        | Bought a potion of heal wounds for 50 gold pieces
  9997 | D        | Noticed Mara
  9999 | D        | Killed Mara
  9999 | D        | Reached skill level 24 in Stealth
 10001 | D        | Reached XP level 16. HP: 77/77 MP: 40/40
 10028 | D        | Noticed an ancient champion
 10029 | D        | Killed an ancient champion
 10047 | D        | Learned a level 2 spell: Shroud of Golubria
 10049 | D        | Learned a level 1 spell: Apportation
 10054 | D        | Learned a level 4 spell: Passage of Golubria
 10221 | D        | Noticed Roxanne
 10228 | D        | Killed Roxanne
 10228 | D        | Reached skill level 1 in Translocations
 10233 | D        | Identified Roxanne's Incunabulum of Clay (You took it off Roxanne in the Dungeon)
 10237 | D        | Learned a level 2 spell: Passwall
 10308 | D        | Noticed Mennas
 10310 | D        | Killed Mennas
 10310 | D        | Reached skill level 10 in Armour
 10310 | D        | Reached skill level 15 in Hexes
 10816 | D        | Noticed Nikola
 10816 | D        | Noticed a storm dragon
 10821 | D        | Killed a storm dragon
 10821 | D        | Reached skill level 25 in Stealth
 10821 | D        | Reached skill level 10 in Conjurations
 10839 | D        | Killed Nikola
 10839 | D        | Reached skill level 15 in Evocations
 11042 | D        | Reached skill level 5 in Translocations
 11239 | D        | Noticed Azrael
 11241 | D        | Killed Azrael
 11241 | D        | Reached skill level 5 in Transmutations
 11399 | D        | Noticed an Executioner
 11401 | D        | Killed an Executioner
 11420 | D        | Learned a level 8 spell: Controlled Blink
 11426 | D        | Noticed Nessos
 11428 | D        | Killed Nessos
 11473 | D        | Noticed a deep elf blademaster
 11473 | D        | Noticed a deep elf blademaster
 11486 | D        | Killed a deep elf blademaster
 11490 | D        | Killed a deep elf blademaster
 12084 | D        | Bought a scorched cloak for 199 gold pieces
 12085 | D        | Bought a scroll of identify for 24 gold pieces
 12085 | D        | Bought a scroll of identify for 24 gold pieces
 12129 | D        | Got a decaying rune of Zot
 12349 | D        | Reached skill level 26 in Stealth
 12671 | D        | Found a viscous altar of Jiyva.
 12671 | D        | Noticed the Royal Jelly
 12674 | D        | Gained mutation: Your body often deteriorates upon taking damage. [a shining eye]
 13012 | D        | Reached XP level 17. HP: 45/80 MP: 6/43
 13167 | D        | Noticed an acid blob
 13168 | D        | Noticed an acid blob
 13169 | D        | Noticed an acid blob
 13170 | D        | Noticed an acid blob
 13170 | D        | Noticed an acid blob
 13171 | D        | Noticed an acid blob
 13172 | D        | Killed an acid blob
 13172 | D        | Noticed an acid blob
 13172 | D        | Noticed an acid blob
 13172 | D        | Noticed an acid blob
 13172 | D        | Noticed an acid blob
 13173 | D        | Killed an acid blob
 13173 | D        | Killed the Royal Jelly
 13189 | D        | Killed an acid blob
 13191 | D        | Killed an acid blob
 13207 | D        | Killed an acid blob
 13214 | D        | Killed an acid blob
 13224 | D        | Killed an acid blob
 13236 | D        | Killed an acid blob
 13744 | D        | Killed an acid blob
 13858 | D        | Killed an acid blob
 14111 | D        | Got a slimy rune of Zot
 14113 | D        | Got a smoking great sword
 14115 | D        | Got a crystal war axe
 14211 | D        | Identified the +2 cloak "Mumoane" {rElec Slay+2 Stlth+} (You bought it in a shop in the Dungeon)
 14404 | D        | Noticed a Killer Klown
 14406 | D        | Killed a Killer Klown
 14474 | D        | Noticed an Orb Guardian
 14475 | D        | Noticed an Orb Guardian
 14477 | D        | Killed an Orb Guardian
 14483 | D        | Slain by an Orb Guardian

Vault maps used:
D:        dungeon_sprint_mu

Skill      XL: |  1  2  3  4  5  6  7  8  9 10 11 12 13 14 15 16 17 |
---------------+----------------------------------------------------+-----
Fighting       | 1 2 3 4 5 6 7 8 9 10 11 | 11.8
Short Blades   | 2 3 4 5 7 8 9 10 12 13 15 16 18 20 | 20.5
Armour         | 1 2 3 4 5 6 7 8 9 10 11 | 11.1
Dodging        | 4 6 7 9 10 11 12 14 15 17 18 20 22 24 25 | 25.2
Stealth        | 5 6 7 9 11 12 13 15 16 18 20 22 24 26 | 26.9
Spellcasting   | 3 4 5 6 8 9 10 12 13 14 16 18 19 21 22 | 22.0
Hexes          | 4 5 6 7 8 9 10 11 12 13 14 16 | 16.5
Conjurations   | 1 2 3 4 5 6 7 8 9 10 11 | 11.0
Ice Magic      | 1 2 3 4 5 6 7 8 9 10 11 12 | 12.0
Invocations    | 2 |  2.9
Charms         | 2 3 5 6 7 9 11 12 14 15 17 | 17.9
Air Magic      | 1 2 3 5 6 8 9 10 12 | 12.4
Evocations     | 2 4 6 8 9 11 12 14 16 | 16.5
Earth Magic    | 2 3 4 5 6 8 9 10 11 12 | 12.3
Shields        | 1 4 6 7 8 |  8.3
Translocations | 8 9 |  9.9
Transmutations | 7 9 |  9.0

Action                   |  1- 3 |  4- 6 |  7- 9 | 10-12 | 13-15 | 16-18 || total
-------------------------+-------+-------+-------+-------+-------+-------++-------
Melee: Dagger            |    16 |    31 |    59 |    77 |   139 |       ||   322
       Short sword       |       |       |       |       |    13 |       ||    13
       Rapier            |       |       |       |       |     4 |       ||     4
       Quick blade       |       |       |       |       |   177 |   135 ||   312
Throw: Throwing net      |       |       |       |     1 |     5 |       ||     6
 Cast: Corona            |     1 |       |       |       |       |       ||     1
       Ensorcelled Hiber |     4 |     1 |    40 |    33 |    10 |     1 ||    89
       Dazzling Spray    |       |     4 |     6 |    10 |    25 |       ||    45
       Stone Arrow       |       |       |     4 |       |       |       ||     4
       Repel Missiles    |       |       |     2 |       |       |       ||     2
       Confuse           |       |       |     1 |     3 |     2 |       ||     6
       Lightning Bolt    |       |       |     6 |    19 |    48 |     6 ||    79
       Tukima's Dance    |       |       |       |     4 |     3 |     7 ||    14
       Iron Shot         |       |       |       |       |    59 |    98 ||   157
       Swiftness         |       |       |       |       |     1 |       ||     1
       Freezing Cloud    |       |       |       |       |       |     2 ||     2
       Passwall          |       |       |       |       |       |     3 ||     3
Invok: Shadow Step       |       |       |     1 |    14 |    20 |     7 ||    42
       Shadow Form       |       |       |       |       |       |     1 ||     1
 Abil: Evoke Flight      |       |       |       |       |     1 |     4 ||     5
Evoke: Wand              |       |       |       |       |       |     8 ||     8
  Use: Scroll            |     5 |       |       |     1 |    14 |    11 ||    31
       Potion            |     2 |       |     2 |     3 |     4 |     1 ||    12
 Stab: Sleeping          |     6 |     5 |    31 |    49 |    68 |    21 ||   180
       Invisible         |       |       |     2 |     2 |    13 |       ||    17
       Held in net/web   |       |       |       |     2 |     7 |       ||     9
       Confused          |       |       |       |     2 |     2 |       ||     4
       Distracted        |       |       |       |       |     2 |       ||     2
  Eat: Bread ration      |       |       |     1 |       |       |       ||     1
       Fruit             |       |       |       |       |    12 |       ||    12
       Royal jelly       |       |       |       |       |       |     5 ||     5
Armor: Robe              |       |       |     1 |     1 |    13 |    16 ||    31
Dodge: Dodged            |     8 |    11 |    85 |    76 |   151 |   121 ||   452
       Deflected         |       |       |     1 |       |     2 |       ||     3
Block: Buckler           |       |       |       |       |    53 |    47 ||   100
       Reflection        |       |       |       |       |     3 |    10 ||    13
